 Dungeon Crawl Stone Soup version 0.29.1-2-gbd0b4ee654 (webtiles) character file.

Game seed: 6413588681466136541

274 xian the Shooter (level 6, 0/35 HPs)
             Began as a Kobold Arcane Marksman on Nov 27, 2022.
             Slain by a hound (2 damage)
             ... on level 4 of the Dungeon.
             The game lasted 00:06:35 (4291 turns).

xian the Shooter (Kobold Arcane Marksman)           Turns: 4291, Time: 00:06:35

Health: 0/35       AC: 13    Str:  9    XL:     6   Next: 49%
Magic:  7/7        EV: 11    Int: 15    God:
Gold:   174        SH:  0    Dex: 15    Spells: 6/7 levels left

rFire   . . .      SeeInvis .   a - +1 sling
rCold   . . .      Faith    .   (no shield)
rNeg    . . .      Spirit   .   h - +0 scale mail
rPois   .          Reflect  .   (no helmet)
rElec   .          Harm     .   (no cloak)
rCorr   .          Rampage  .   j - +2 pair of gloves
Will    .....                   (no boots)
Stlth   +.........              (no amulet)
HPRegen 0.11/turn               l - +4 ring of protection
MPRegen 0.10/turn               (no ring)

@: no status effects
A: small, no large weapons, nightstalker 3, deterioration 2, inability to read
after injury 1
a: no special abilities


You were on level 4 of the Dungeon.
You visited 1 branch of the dungeon, and saw 4 of its levels.

You collected 174 gold pieces.

Inventory:

Hand Weapons
 a - a +1 sling (weapon)
 g - a +0 dagger
Armour
 h - a +0 scale mail (worn)
 j - a +2 pair of gloves (worn)
Magical Staves
 o - a staff of poison
Jewellery
 l - a +4 ring of protection (left hand)
 m - a ring of willpower
Scrolls
 b - a scroll of poison
 d - 2 scrolls of identify
 f - 2 scrolls of teleportation {unknown}
 k - a scroll of amnesia
 n - a scroll of immolation
Potions
 c - a potion of attraction


   Skills:
 + Level 2.2 Fighting
 + Level 0.1 Short Blades
 + Level 6.6 Ranged Weapons
 + Level 1.2 Armour
 + Level 3.4 Dodging
 + Level 0.4 Stealth
 + Level 1.1 Spellcasting
 + Level 3.4 Hexes


You had 6 spell levels left.
You knew the following spells:

 Your Spells              Type           Power      Damage    Failure   Level
a - Slow                  Hex            44%        N/A       43%         1

Your spell library contained the following spells:

 Spells                   Type           Power      Damage    Failure   Level
 Ensorcelled Hibernation  Hex/Ice        10%        N/A       83%         2
 Foxfire                  Conj/Fire      0%         2x1d4     89%         1
 Passwall                 Tmut/Erth      0%         N/A       96%         2
 Inner Flame              Hex/Fire       5%         N/A       96%         3
 Portal Projectile        Hex/Tloc       10%        N/A       96%         3
 Conjure Flame            Conj/Fire      0%         6-21      99%         3
 Swiftness                Air            0%         N/A       99%         3
 Cause Fear               Hex            5%         N/A       99%         4
 Flame Wave               Conj/Fire      0%         2d4       100%        4
 Blade Hands              Tmut           0%         N/A       100%        5
 Irradiate                Conj/Tmut      0%         3d11      100%        5
 Dragon Form              Tmut           0%         N/A       100%        7


Dungeon Overview and Level Annotations

Branches:
Dungeon (4/15)
 Temple: D:4-7

Altars:
Dithmenos


Innate Abilities, Weirdness & Mutations

You are small and have problems with some larger weapons.
You are completely attuned to the shadows.
Your body often deteriorates upon taking damage.
You occasionally lose the ability to read scrolls when taking damage.


Message History

The hound attacks as you move away! The hound closely misses you.
An endoplasm comes into view.
The hound attacks as you move away! The hound bites you but does no damage.
Found a brown potion.
An adder comes into view.
The hound attacks as you move away! The hound bites you but does no damage.
The adder attacks as you move away! The adder bites you but does no damage.
You see here a brown potion.
The hound attacks as you move away! The hound bites you but does no damage.
The hound attacks as you move away! The hound bites you but does no damage.
The hound attacks as you move away! The hound bites you but does no damage.
The hound stops to sniff the ground.
The hound stops to sniff the ground.
The adder bites you.
* * * LOW HITPOINT WARNING * * *
You are poisoned.
The adder poisons you!
You feel sick. The hound attacks as you move away! The hound bites you.
* * * LOW HITPOINT WARNING * * *
You feel sick.
You feel sick.
The hound is no longer moving slowly.
The adder bites you.
* * * LOW HITPOINT WARNING * * *
It was a potion of mutation.
You feel extremely strange.
You feel yourself wasting away.
You feel your body start to fall apart.
You occasionally lose the ability to read scrolls when taking damage.
* * * LOW HITPOINT WARNING * * *
You feel sick. The adder completely misses you.
As you read the scroll of fog, it crumbles to dust.
The scroll dissolves into smoke.
* * * LOW HITPOINT WARNING * * *
You feel sick.
You are no longer poisoned.
The adder bites you but does no damage. The adder attacks as you move away!
The adder bites you but does no damage. x2
The adder bites you but does no damage. The hound attacks as you move away!
The hound bites you but does no damage. The hound completely misses you.
The hound attacks as you move away! The hound bites you.
You die...

.#.....#..# ....####...†.......
.##....#..###.##### #####..)....
.#.............# #.......
##.............# #.......
##.............# ##......
##..........#..### #.......
.............#..<# ###.......
##.........#.....#######.........
##.........####.@...#....#.......
##.....##### #Sh##...####.......
##.....#### #........####......
..........# #J.#####..# ##.....
##.!......#####§.÷.÷.##.#######.)
##........##§§§..###.##...## #.#
..........§§§§§§## .###..## ###
..######..J###### ####..##### ..
.....# ..##.##...


You could see a hound, an adder and an endoplasm.

Vanquished Creatures
  A howler monkey (D:4)
  A hound (D:4)
  Natasha (thrice) (D:3)
  5 adders
  A worm (D:2)
  2 dart slugs
  An orc (D:3)
  7 ball pythons
  8 endoplasms
  3 giant cockroaches
  11 goblins
  11 hobgoblins
  4 jackals (D:2)
  8 kobolds
  2 quokkas (D:1)
  2 bats (D:2)
  3 frilled lizards
  2 rats
75 creatures vanquished.

Notes
Turn   | Place    | Note
-------+----------+-------------------------------------------
     0 | D:1      | xian the Kobold Arcane Marksman began the quest for the
                  | Orb.
     0 | D:1      | Reached XP level 1. HP: 12/12 MP: 2/2
   140 | D:1      | Reached XP level 2. HP: 16/16 MP: 3/3
   363 | D:1      | Reached skill level 3 in Ranged Weapons
   550 | D:1      | Reached XP level 3. HP: 17/20 MP: 4/4
  1523 | D:2      | Reached skill level 4 in Ranged Weapons
  1523 | D:2      | Reached XP level 4. HP: 21/25 MP: 5/5
  1591 | D:2      | Found a faded altar of an unknown god.
  2930 | D:3      | Noticed Natasha
  2939 | D:3      | Killed Natasha
  2940 | D:3      | Reached XP level 5. HP: 14/29 MP: 6/6
  2945 | D:3      | Reached skill level 5 in Ranged Weapons
  3260 | D:3      | Noticed Natasha
  3266 | D:3      | Killed Natasha
  3289 | D:3      | Noticed Natasha
  3293 | D:3      | Killed Natasha
  3294 | D:3      | Reached skill level 1 in Armour
  3830 | D:4      | Found a shadowy altar of Dithmenos.
  3931 | D:4      | Reached skill level 6 in Ranged Weapons
  3931 | D:4      | Reached XP level 6. HP: 35/35 MP: 7/7
  4282 | D:4      | Gained mutation: Your body sometimes deteriorates upon
                  | taking damage. [potion of mutation]
  4282 | D:4      | Gained mutation: Your body often deteriorates upon taking
                  | damage. [potion of mutation]
  4282 | D:4      | Gained mutation: You occasionally lose the ability to read
                  | scrolls when taking damage. [potion of mutation]
  4283 | D:4      | HP: 1/35 [poisoned by an adder]
  4291 | D:4      | Slain by a hound

Illustrated notes

Levels and vault maps discovered:
D:1:      dpeg_arrival_morbid_curiosity, layout_loops_corners,
          hangedman_feature_mirror, minivault_14
D:2:      layout_basic, chequers_ecumenical_altar_twisty
D:3:      layout_basic, uniq_natasha
D:4:      layout_rooms, nicolae_overflow_crystal_walls,
          grunt_temple_overflow_open

Skill      XL: |  1  2  3  4  5 |
---------------+----------------+-----
Ranged Weapons | 3 4 6 |  6.6
Dodging        | 3 |  3.4
Armour         | 1 |  1.2
Fighting       | 2 |  2.2
Short Blades   | |  0.1
Stealth        | |  0.4
Spellcasting   | |  1.1
Hexes          | |  3.4

Action                   |  1- 3 |  4- 6 || total
-------------------------+-------+-------++-------
Melee: Dagger            |       |    44 ||    44
       Punch             |       |     1 ||     1
 Fire: Sling             |   101 |   167 ||   268
 Cast: Slow              |     1 |     2 ||     3
  Use: Scroll            |       |     8 ||     8
       Potion            |       |     5 ||     5
Armor: Robe              |     5 |       ||     5
       Scale mail        |    22 |   138 ||   160
       Skin              |       |    61 ||    61
Dodge: Dodged            |    39 |   135 ||   174
